WCHLSIM.com - West Coast Hockey League
html PUBLIC "-//W3C//DTD XHTML 1.0 Transitional//EN" "http://www.w3.org/TR/xhtml1/DTD/xhtml1-transitional.dtd"> WCHL - Game 123 - COLORADO GLACIERCATS vs TEXAS TOROS

COLORADO GLACIERCATS vs TEXAS TOROS

Created - 19 octobre 2019 at 10:33

Goals
1 2 3 T
COLORADO GLACIERCATS 0 0 2 2
TEXAS TOROS 0 0 1 1
Shots
1 2 3 T
COLORADO GLACIERCATS 8 4 13 25
TEXAS TOROS 6 2 7 15

1st period

No Goal

Penalties :
No Penalty

2nd period

No Goal

Penalties :
Jordan Staal (COL) for Boarding (Minor) at 6:43

3rd period

1. TEXAS TOROS , Derek Stepan 1 (Erik Johnson 1, Nick Schmaltz 3) at 11:32
2. COLORADO GLACIERCATS , Joe Pavelski 8 (Jordan Staal 1) at 11:36
3. COLORADO GLACIERCATS , Patrice Bergeron 11 (Artemi Panarin 17, Devin Shore 3) at 19:14

Penalties :
Johan Larsson (TEX) for Roughing (Minor) at 10:40, Paul Byron (COL) for Hooking (Minor) at 10:40

Goalie Stats

Pekka Rinne (COL), 14 saves from 15 shots - (0,933), W, 8-0-1, 60:00 minutes
Cory Schneider (TEX), 23 saves from 25 shots - (0,920), L, 1-5-0, 59:21 minutes

Players Stats for COLORADO GLACIERCATS

Player Name              G  A  P  +/- PIM S  H  SB GA TA FO     MP     PP MP  PK MP  
------------------------------------------------------------------------------------
Artemi Panarin           0  1  1   0  0   1  0  0  0  0  2/2    18:00   0:00   0:00 
Ben Lovejoy              0  0  0   1  0   0  1  0  0  0  0/0    18:05   0:00   0:38 
Carl Hagelin             0  0  0   0  0   0  0  1  0  0  0/0    15:27   0:00   0:42 
Devin Shore              0  1  1   1  0   0  1  1  0  0  0/2    16:57   0:00   0:00 
Ilya Lyubushkin          0  0  0   1  0   0  2  0  0  0  0/0    12:23   0:00   0:00 
Jay Beagle               0  0  0   0  0   0  2  0  0  0  4/4     7:24   0:00   0:00 
Joe Pavelski             1  0  1   1  0   4  0  0  0  0  0/0    19:11   0:00   0:00 
John Klingberg           0  0  0   1  0   0  2  0  0  0  0/0    20:40   0:00   0:39 
Jordan Staal             0  1  1   1  2   8  1  0  0  0  12/17  18:05   0:00   0:00 
Lucas Wallmark           0  0  0   0  0   0  0  0  0  0  6/10   14:42   0:00   0:42 
Mark Giordano            0  0  0  -1  0   1  0  0  0  0  0/0    22:14   0:00   0:38 
Patrice Bergeron         1  0  1   0  0   6  2  0  0  0  10/17  20:02   0:00   1:17 
Paul Byron               0  0  0   0  2   4  1  0  0  0  0/1    17:09   0:00   0:00 
Ryan Ellis               0  0  0   1  0   0  0  1  0  0  0/0    25:36   0:00   0:42 
Shea Weber               0  0  0  -1  0   1  1  0  0  0  0/0    20:28   0:00   1:21 
Tage Thompson            0  0  0   0  0   0  0  0  0  0  0/0     7:10   0:00   0:00 
Tom Pyatt                0  0  0   0  0   0  0  0  0  0  0/0     7:10   0:00   0:00 
Zach Aston-Reese         0  0  0   0  0   0  4  0  0  0  0/0    15:17   0:00   1:17 

Players Stats for TEXAS TOROS

Player Name              G  A  P  +/- PIM S  H  SB GA TA FO     MP     PP MP  PK MP  
------------------------------------------------------------------------------------
Alexander Wennberg       0  0  0  -2  0   1  0  1  0  0  6/10   18:31   0:00   0:00 
Braydon Coburn           0  0  0   0  0   0  2  3  0  0  0/0    15:48   0:00   0:00 
Brock McGinn             0  0  0   0  0   2  1  0  0  0  0/1    17:35   0:42   0:00 
David Savard             0  0  0   0  0   0  0  1  0  0  0/0    18:55   0:00   0:00 
Derek Stepan             1  0  1   1  0   5  0  1  0  0  9/18   23:17   0:42   0:00 
Dmitry Kulikov           0  0  0   0  0   0  0  0  0  0  0/0     0:00   0:00   0:00 
Erik Gustafsson          0  0  0  -1  0   0  1  3  0  0  0/0    20:23   0:42   0:00 
Erik Johnson             0  1  1   0  0   1  1  2  0  0  0/0    23:49   1:17   0:00 
Jack Roslovic            0  0  0   0  0   0  0  0  0  0  0/0     4:23   0:00   0:00 
Jake Virtanen            0  0  0   0  0   1  1  0  0  0  0/1    18:07   1:17   0:00 
Johan Larsson            0  0  0   0  2   0  1  0  0  0  0/2    18:06   1:17   0:00 
Justin Abdelkader        0  0  0  -1  0   0  2  0  0  0  1/3    17:49   0:42   0:00 
Nick Cousins             0  0  0  -1  0   0  2  0  0  0  0/0    17:56   0:00   0:00 
Nick Schmaltz            0  1  1   1  0   2  0  1  0  0  1/11   19:57   1:17   0:00 
Patrik Nemeth            0  0  0  -1  0   0  2  3  0  0  0/0    19:43   0:42   0:00 
Riley Nash               0  0  0   0  0   1  0  0  0  0  2/6     4:23   0:00   0:00 
Sven Baertschi           0  0  0  -1  0   1  0  0  0  0  0/1    17:56   0:00   0:00 
Tyson Barrie             0  0  0   0  0   1  0  0  0  0  0/0    21:22   1:17   0:00 

3 Stars

1 - Joe Pavelski (COL)
2 - Patrice Bergeron (COL)
3 - Derek Stepan (TEX)

Power Play

COLORADO GLACIERCATS - 0 on 0 Attempt(s) - 0,00%
TEXAS TOROS - 0 on 1 Attempt(s) - 0,00%

Penalty Kill

COLORADO GLACIERCATS - 1 on 1 Attempt(s) - 100,00% - Score 0 goal in Penalty Kill
TEXAS TOROS - 0 on 0 Attempt(s) - 0,00% - Score 0 goal in Penalty Kill

Team Stat

COLORADO GLACIERCATS - Hits : 17 - Faceoff Wins : 34 - Blocked Shots : 3 - Penalty Minutes : 4
TEXAS TOROS - Hits : 13 - Faceoff Wins : 19 - Blocked Shots : 15 - Penalty Minutes : 2

Official

Referees : Jon McIsaac and Mike Leggo
Linesman : Derek Amell and Jack Millea

Game Notes

No Game Note

Finance

Level 1 -- Attendance: 6414 (98,68%) -- Ticket Income 654 228 $
Level 2 -- Attendance: 5500 (100,00%) -- Ticket Income 357 500 $
Level 3 -- Attendance: 2328 (77,60%) -- Ticket Income 86 136 $
Level 4 -- Attendance: 4547 (90,94%) -- Ticket Income 113 675 $
Luxury Box -- Attendance: 954 (95,40%) -- Ticket Income 200 340 $
Game was played at the Red Bull Arena.
Total Attendance: 19743 (94,01%)
Total Ticket Income: 1 411 879 $
Other Income: 423 564 $
Total Income: 1 835 443 $

COLORADO GLACIERCATS

5 vs 5 Forward 
   Center                   Left Wing                Right Wing               Time % Phy DF OF 
 1 Patrice Bergeron         Artemi Panarin           Devin Shore              35     0   2  3  
 2 Jordan Staal             Paul Byron               Joe Pavelski             35     0   2  3  
 3 Lucas Wallmark           Carl Hagelin             Zach Aston-Reese         25     0   2  3  
 4 Jay Beagle               Tom Pyatt                Tage Thompson            5      0   3  2  

5 vs 5 Defense 
   Defense                  Defense                                           Time % Phy DF OF 
 1 Mark Giordano            John Klingberg                                    34     0   1  4  
 2 Ryan Ellis               Shea Weber                                        34     0   2  3  
 3 Ben Lovejoy              Ilya Lyubushkin                                   20     1   3  1  
 4 Ben Lovejoy              Ryan Ellis                                        12     0   3  2  

PowerPlay Forward 
   Center                   Left Wing                Right Wing               Time % Phy DF OF 
 1 Patrice Bergeron         Artemi Panarin           Joe Pavelski             60     0   1  4  
 2 Jordan Staal             Zach Aston-Reese         Paul Byron               40     0   1  4  

PowerPlay Defense
   Defense                  Defense                                           Time % Phy DF OF 
 1 Mark Giordano            John Klingberg                                    50     0   0  5  
 2 Shea Weber               Ryan Ellis                                        50     0   1  4  

Penalty Kill 4 Players Forward 
   Center                   Wing                     Time % Phy DF OF 
 1 Lucas Wallmark           Carl Hagelin             50     0   4  1  
 2 Jordan Staal             Zach Aston-Reese         50     0   4  1  

Penalty Kill 4 Players Defense
   Defense                  Defense                  Time % Phy DF OF 
 1 Ryan Ellis               Shea Weber               50     1   4  0  
 2 Ben Lovejoy              Mark Giordano            50     1   4  0  

Penalty Kill - 3 Players Forward 
   Forward                                           Time % Phy DF OF 
 1 Joe Pavelski                                      55     0   5  0  
 2 Patrice Bergeron                                  45     0   5  0  

Penalty Kill - 3 Players Defense
   Defense                  Defense                  Time % Phy DF OF 
 1 Mark Giordano            Shea Weber               50     0   5  0  
 2 Ryan Ellis               Ben Lovejoy              50     0   5  0  

4 vs 4 Forward 
   Center                   Wing                     Time % Phy DF OF 
 1 Patrice Bergeron         Artemi Panarin           50     0   1  4  
 2 Jordan Staal             Joe Pavelski             50     0   1  4  

4 vs 4 Defense
   Defense                  Defense                  Time % Phy DF OF 
 1 Shea Weber               Mark Giordano            50     0   3  2  
 2 John Klingberg           Ryan Ellis               50     0   3  2  

Last Minutes Offensive
   Center                   Left Wing                Right Wing               Defense                  Defense                  
   Patrice Bergeron         Artemi Panarin           Joe Pavelski             John Klingberg           Mark Giordano            

Last Minutes Defensive
   Center                   Left Wing                Right Wing               Defense                  Defense                  
   Patrice Bergeron         Carl Hagelin             Joe Pavelski             Mark Giordano            Ryan Ellis               

Goaltenders
Starting : Pekka Rinne              
Backup : David Rittich            

Extra Forwards
Normal : Artemi Panarin, Patrice Bergeron, Joe Pavelski - PP : Artemi Panarin, Joe Pavelski - PK : Patrice Bergeron
Extra Defensemen
Normal : John Klingberg, Ryan Ellis, Shea Weber - PP : John Klingberg - PK : John Klingberg, Ilya Lyubushkin
Penalty Shots
Artemi Panarin, Patrice Bergeron, Joe Pavelski, Devin Shore, Paul Byron
Custom OT Lines Forwards
Artemi Panarin, Patrice Bergeron, Joe Pavelski, Paul Byron, Lucas Wallmark, Carl Hagelin, Jordan Staal, Zach Aston-Reese, Jay Beagle, Devin Shore
Custom OT Lines Defensemen
Mark Giordano, Ryan Ellis, Shea Weber, John Klingberg, Ben Lovejoy

Scratches
Brayden Schenn (Separated Right Shoulder Injury), Etienne Marcoux (Healthy)

TEXAS TOROS

5 vs 5 Forward 
   Center                   Left Wing                Right Wing               Time % Phy DF OF 
 1 Derek Stepan             Justin Abdelkader        Brock McGinn             36     1   2  2  
 2 Nick Schmaltz            Johan Larsson            Jake Virtanen            31     1   2  2  
 3 Alexander Wennberg       Nick Cousins             Sven Baertschi           23     1   2  2  
 4 Riley Nash               Derek Stepan             Jack Roslovic            10     1   2  2  

5 vs 5 Defense 
   Defense                  Defense                                           Time % Phy DF OF 
 1 Erik Johnson             Tyson Barrie                                      36     1   2  2  
 2 Erik Gustafsson          David Savard                                      31     1   2  2  
 3 Braydon Coburn           Patrik Nemeth                                     23     1   2  2  
 4 Patrik Nemeth            Erik Johnson                                      10     1   2  2  

PowerPlay Forward 
   Center                   Left Wing                Right Wing               Time % Phy DF OF 
 1 Derek Stepan             Justin Abdelkader        Brock McGinn             55     1   2  2  
 2 Nick Schmaltz            Johan Larsson            Jake Virtanen            45     1   2  2  

PowerPlay Defense
   Defense                  Defense                                           Time % Phy DF OF 
 1 Erik Johnson             Tyson Barrie                                      55     1   2  2  
 2 Erik Gustafsson          Patrik Nemeth                                     45     1   2  2  

Penalty Kill 4 Players Forward 
   Center                   Wing                     Time % Phy DF OF 
 1 Derek Stepan             Nick Schmaltz            55     1   2  2  
 2 Justin Abdelkader        Alexander Wennberg       45     1   2  2  

Penalty Kill 4 Players Defense
   Defense                  Defense                  Time % Phy DF OF 
 1 Erik Johnson             Patrik Nemeth            55     1   2  2  
 2 Erik Gustafsson          David Savard             45     1   2  2  

Penalty Kill - 3 Players Forward 
   Forward                                           Time % Phy DF OF 
 1 Derek Stepan                                      55     1   2  2  
 2 Nick Schmaltz                                     45     1   2  2  

Penalty Kill - 3 Players Defense
   Defense                  Defense                  Time % Phy DF OF 
 1 Erik Johnson             Tyson Barrie             55     1   2  2  
 2 Erik Gustafsson          David Savard             45     1   2  2  

4 vs 4 Forward 
   Center                   Wing                     Time % Phy DF OF 
 1 Derek Stepan             Nick Schmaltz            55     1   2  2  
 2 Justin Abdelkader        Alexander Wennberg       45     1   2  2  

4 vs 4 Defense
   Defense                  Defense                  Time % Phy DF OF 
 1 Erik Johnson             Tyson Barrie             55     1   2  2  
 2 Erik Gustafsson          Patrik Nemeth            45     1   2  2  

Last Minutes Offensive
   Center                   Left Wing                Right Wing               Defense                  Defense                  
   Derek Stepan             Justin Abdelkader        Brock McGinn             Erik Johnson             Tyson Barrie             

Last Minutes Defensive
   Center                   Left Wing                Right Wing               Defense                  Defense                  
   Derek Stepan             Justin Abdelkader        Brock McGinn             Erik Johnson             Tyson Barrie             

Goaltenders
Starting : Cory Schneider           
Backup : Anders Nilsson           

Extra Forwards
Normal : Nick Cousins, Sven Baertschi, Riley Nash - PP : Nick Cousins, Sven Baertschi - PK : Riley Nash
Extra Defensemen
Normal : Braydon Coburn, Patrik Nemeth, Erik Johnson - PP : Braydon Coburn - PK : Patrik Nemeth, Erik Johnson
Penalty Shots
Derek Stepan, Nick Schmaltz, Justin Abdelkader, Alexander Wennberg, Brock McGinn
Custom OT Lines Forwards
Derek Stepan, Nick Schmaltz, Justin Abdelkader, Alexander Wennberg, Brock McGinn, Jake Virtanen, Johan Larsson, Nick Cousins, Sven Baertschi, Riley Nash
Custom OT Lines Defensemen
Erik Johnson, Tyson Barrie, Erik Gustafsson, David Savard, Braydon Coburn

Scratches
Sergei Boikov (Healthy), Christoffer Ehn (Healthy), Connor Bunnaman (Healthy), Dante Fabbro (Healthy), Johnathan Kovacevic (Healthy)
Marian Studenic (Healthy), Ryan Sproul (Healthy), Ryan Olsen (Healthy)

% Time on Ice - COLORADO GLACIERCATS

Lines # - Real PCT - Wanted PCT - Time Play
Normal Forward
1 - 31% - 35% - 16:57
2 - 31% - 35% - 17:10
3 - 25% - 25% - 14:00
4 - 13% - 5% - 7:10
Normal Defense
1 - 35% - 34% - 19:05
2 - 33% - 34% - 18:04
3 - 23% - 20% - 12:57
4 - 9% - 12% - 5:11
PP Forward
1 - 0% - 60%
2 - 0% - 40%
PP Defense
1 - 0% - 50%
2 - 0% - 50%
PK Forward
1 - 35% - 50% - 0:42
2 - 65% - 50% - 1:17
PK Defense
1 - 68% - 50% - 1:21
2 - 32% - 50% - 0:38
PK3 Forward
1 - 0% - 55%
2 - 0% - 45%
PK3 Defense
1 - 0% - 50%
2 - 0% - 50%
44 Forward
1 - 53% - 50% - 1:03
2 - 47% - 50% - 0:56
44 Defense
1 - 53% - 50% - 1:03
2 - 47% - 50% - 0:56
Last Minute Offensive  - 0:00
Last Minute Defensive  - 0:45
Total
Forward - 60:00
Defense - 60:00

% Time on Ice - TEXAS TOROS

Lines # - Real PCT - Wanted PCT - Time Play
Normal Forward
1 - 29% - 36% - 16:08
2 - 30% - 31% - 16:50
3 - 32% - 23% - 17:56
4 - 8% - 10% - 4:23
Normal Defense
1 - 33% - 36% - 18:07
2 - 34% - 31% - 18:55
3 - 27% - 23% - 14:53
4 - 6% - 10% - 3:22
PP Forward
1 - 35% - 55% - 0:42
2 - 65% - 45% - 1:17
PP Defense
1 - 65% - 55% - 1:17
2 - 35% - 45% - 0:42
PK Forward
1 - 0% - 55%
2 - 0% - 45%
PK Defense
1 - 0% - 55%
2 - 0% - 45%
PK3 Forward
1 - 0% - 55%
2 - 0% - 45%
PK3 Defense
1 - 0% - 55%
2 - 0% - 45%
44 Forward
1 - 88% - 55% - 1:45
2 - 12% - 45% - 0:14
44 Defense
1 - 61% - 55% - 1:13
2 - 39% - 45% - 0:46
Last Minute Offensive  - 0:45
Last Minute Defensive  - 0:00
Total
Forward - 60:00
Defense - 60:00

Play-by-Play

1st period


0:01 of 1st period - Derek Stepan wins face-off versus Patrice Bergeron in neutral zone.
0:05 of 1st period - Off-side.
0:06 of 1st period - Jordan Staal wins face-off versus Jake Virtanen in neutral zone.
0:23 of 1st period - Shot by Jordan Staal.
0:23 of 1st period - Stopped by Cory Schneider with a rebound.
0:30 of 1st period - Nick Schmaltz is hit by Shea Weber and loses puck.
1:27 of 1st period - Johan Larsson is hit by John Klingberg and loses puck.
1:42 of 1st period - Shot by Artemi Panarin.
1:42 of 1st period - Shot Blocked by Erik Gustafsson.
1:44 of 1st period - Shot by Mark Giordano.
1:44 of 1st period - Shot Misses the Net.
1:46 of 1st period - Shot by Artemi Panarin.
1:46 of 1st period - Shot Blocked by David Savard.
2:03 of 1st period - Jake Virtanen is hit by Zach Aston-Reese and loses puck.
2:58 of 1st period - Shot by Derek Stepan.
2:58 of 1st period - Shot Misses the Net.
3:18 of 1st period - Shot by Alexander Wennberg.
3:18 of 1st period - Stopped by Pekka Rinne with a rebound.
3:40 of 1st period - Shot by Sven Baertschi.
3:40 of 1st period - Shot Misses the Net.
3:42 of 1st period - Shot by Alexander Wennberg.
3:42 of 1st period - Shot Misses the Net.
4:10 of 1st period - Shot by Riley Nash.
4:10 of 1st period - Shot Blocked by Carl Hagelin.
4:20 of 1st period - Shot by Riley Nash.
4:20 of 1st period - Stopped by Pekka Rinne with a rebound.
4:22 of 1st period - Shot by Riley Nash.
4:22 of 1st period - Shot Misses the Net.
4:45 of 1st period - Shot by Justin Abdelkader.
4:45 of 1st period - Shot Misses the Net.
4:47 of 1st period - Shot by Brock McGinn.
4:47 of 1st period - Stopped by Pekka Rinne without a rebound.
4:48 of 1st period - Alexander Wennberg wins face-off versus Jordan Staal in COLORADO GLACIERCATS zone.
5:07 of 1st period - Shot by Joe Pavelski.
5:07 of 1st period - Stopped by Cory Schneider with a rebound.
5:09 of 1st period - Shot by Paul Byron.
5:09 of 1st period - Stopped by Cory Schneider without a rebound.
5:10 of 1st period - Patrice Bergeron wins face-off versus Riley Nash in TEXAS TOROS zone.
5:51 of 1st period - Shot by Patrice Bergeron.
5:51 of 1st period - Shot Misses the Net.
5:53 of 1st period - Shot by Mark Giordano.
5:53 of 1st period - Stopped by Cory Schneider with a rebound.
5:55 of 1st period - Shot by Patrice Bergeron.
5:55 of 1st period - Shot Blocked by Patrik Nemeth.
5:57 of 1st period - Shot by Artemi Panarin.
5:57 of 1st period - Shot Blocked by Braydon Coburn.
7:14 of 1st period - Joe Pavelski is hit by Jake Virtanen.
7:19 of 1st period - Off-side.
7:20 of 1st period - Jay Beagle wins face-off versus Derek Stepan in neutral zone.
7:20 of 1st period - Jay Beagle is hit by Justin Abdelkader.
7:45 of 1st period - Off-side.
7:46 of 1st period - Patrice Bergeron wins face-off versus Nick Schmaltz in neutral zone.
8:21 of 1st period - Patrice Bergeron is hit by Erik Gustafsson and loses puck.
8:25 of 1st period - Icing by Erik Gustafsson.
8:26 of 1st period - Jay Beagle wins face-off versus Nick Schmaltz in TEXAS TOROS zone.
8:52 of 1st period - Off-side.
8:53 of 1st period - Derek Stepan wins face-off versus Jordan Staal in neutral zone.
9:04 of 1st period - Shot by Brock McGinn.
9:04 of 1st period - Stopped by Pekka Rinne without a rebound.
9:05 of 1st period - Alexander Wennberg wins face-off versus Patrice Bergeron in COLORADO GLACIERCATS zone.
9:11 of 1st period - Patrice Bergeron is hit by Erik Johnson and loses puck.
9:22 of 1st period - Shot by Patrice Bergeron.
9:22 of 1st period - Stopped by Cory Schneider without a rebound.
9:23 of 1st period - Jordan Staal wins face-off versus Brock McGinn in TEXAS TOROS zone.
9:34 of 1st period - Shot by Jordan Staal.
9:34 of 1st period - Shot Blocked by Braydon Coburn.
9:36 of 1st period - Shot by Joe Pavelski.
9:36 of 1st period - Shot Hit the Post.
9:38 of 1st period - Shot by Paul Byron.
9:38 of 1st period - Shot Misses the Net.
9:56 of 1st period - Shot by Jordan Staal.
9:56 of 1st period - Shot Blocked by Braydon Coburn.
10:21 of 1st period - Icing by Erik Johnson.
10:22 of 1st period - Patrice Bergeron wins face-off versus Alexander Wennberg in TEXAS TOROS zone.
10:23 of 1st period - Shot by Ryan Ellis.
10:23 of 1st period - Shot Misses the Net.
10:29 of 1st period - Shot by Patrice Bergeron.
10:29 of 1st period - Shot Misses the Net.
10:31 of 1st period - Shot by Patrice Bergeron.
10:31 of 1st period - Shot Misses the Net.
10:33 of 1st period - Shot by Patrice Bergeron.
10:33 of 1st period - Shot Misses the Net.
10:49 of 1st period - Shot by Artemi Panarin.
10:49 of 1st period - Shot Misses the Net.
10:51 of 1st period - Shot by Ben Lovejoy.
10:51 of 1st period - Shot Misses the Net.
10:55 of 1st period - Shot by Patrice Bergeron.
10:55 of 1st period - Stopped by Cory Schneider with a rebound.
10:57 of 1st period - Shot by Patrice Bergeron.
10:57 of 1st period - Shot Misses the Net.
11:19 of 1st period - Icing by Carl Hagelin.
11:20 of 1st period - Derek Stepan wins face-off versus Lucas Wallmark in COLORADO GLACIERCATS zone.
11:43 of 1st period - Lucas Wallmark is hit by Justin Abdelkader.
13:43 of 1st period - Shot by Patrice Bergeron.
13:43 of 1st period - Shot Blocked by Alexander Wennberg.
14:03 of 1st period - Shot by Artemi Panarin.
14:03 of 1st period - Shot Misses the Net.
14:46 of 1st period - David Savard is hit by Jay Beagle.
14:52 of 1st period - Shot by Derek Stepan.
14:52 of 1st period - Stopped by Pekka Rinne without a rebound.
14:53 of 1st period - Jordan Staal wins face-off versus Riley Nash in COLORADO GLACIERCATS zone.
15:10 of 1st period - Shot by Paul Byron.
15:10 of 1st period - Stopped by Cory Schneider without a rebound.
15:11 of 1st period - Alexander Wennberg wins face-off versus Devin Shore in TEXAS TOROS zone.
15:11 of 1st period - Alexander Wennberg is hit by Patrice Bergeron.
15:35 of 1st period - Shot by Sven Baertschi.
15:35 of 1st period - Stopped by Pekka Rinne with a rebound.
15:57 of 1st period - Erik Johnson is hit by Ilya Lyubushkin and loses puck.
17:10 of 1st period - Derek Stepan is hit by Jordan Staal.
17:14 of 1st period - Shot by Joe Pavelski.
17:14 of 1st period - Stopped by Cory Schneider without a rebound.
17:15 of 1st period - Lucas Wallmark wins face-off versus Alexander Wennberg in TEXAS TOROS zone.
17:34 of 1st period - Icing by Erik Johnson.
17:35 of 1st period - Alexander Wennberg wins face-off versus Paul Byron in TEXAS TOROS zone.
18:00 of 1st period - Shot by Jordan Staal.
18:00 of 1st period - Shot Misses the Net.
19:04 of 1st period - Icing by Carl Hagelin.
19:05 of 1st period - Lucas Wallmark wins face-off versus Nick Schmaltz in COLORADO GLACIERCATS zone.
19:34 of 1st period - Icing by Ryan Ellis.
19:35 of 1st period - Jay Beagle wins face-off versus Derek Stepan in COLORADO GLACIERCATS zone.
Goals for this period are 0 for COLORADO GLACIERCATS vs 0 for TEXAS TOROS.
Shots for this period are 8 for COLORADO GLACIERCATS vs 6 for TEXAS TOROS.

2nd period


0:01 of 2nd period - Derek Stepan wins face-off versus Patrice Bergeron in neutral zone.
0:54 of 2nd period - Off-side.
0:55 of 2nd period - Jordan Staal wins face-off versus Nick Schmaltz in neutral zone.
1:07 of 2nd period - Shot by Joe Pavelski.
1:07 of 2nd period - Shot Blocked by Erik Gustafsson.
1:27 of 2nd period - Icing by Nick Schmaltz.
1:28 of 2nd period - Lucas Wallmark wins face-off versus Nick Schmaltz in TEXAS TOROS zone.
2:17 of 2nd period - Icing by Erik Gustafsson.
2:18 of 2nd period - Jordan Staal wins face-off versus Nick Schmaltz in TEXAS TOROS zone.
2:48 of 2nd period - Shot by Paul Byron.
2:48 of 2nd period - Stopped by Cory Schneider without a rebound.
2:49 of 2nd period - Patrice Bergeron wins face-off versus Sven Baertschi in TEXAS TOROS zone.
2:49 of 2nd period - Patrice Bergeron is hit by Patrik Nemeth.
3:08 of 2nd period - Shot by Sven Baertschi.
3:08 of 2nd period - Deflect By Alexander Wennberg.
3:08 of 2nd period - Shot Misses the Net.
4:00 of 2nd period - Icing by Derek Stepan.
4:01 of 2nd period - Derek Stepan wins face-off versus Jordan Staal in TEXAS TOROS zone.
4:29 of 2nd period - Shot by Jordan Staal.
4:29 of 2nd period - Stopped by Cory Schneider without a rebound.
4:30 of 2nd period - Lucas Wallmark wins face-off versus Nick Schmaltz in TEXAS TOROS zone.
5:00 of 2nd period - Shot by Jake Virtanen.
5:00 of 2nd period - Stopped by Pekka Rinne without a rebound.
5:01 of 2nd period - Patrice Bergeron wins face-off versus Derek Stepan in COLORADO GLACIERCATS zone.
5:20 of 2nd period - Shot by Derek Stepan.
5:20 of 2nd period - Shot Blocked by Devin Shore.
6:08 of 2nd period - Shot by Joe Pavelski.
6:08 of 2nd period - Shot Misses the Net.
6:17 of 2nd period - Nick Cousins is hit by Ben Lovejoy and loses puck.
6:42 of 2nd period - Nick Cousins is hit by Paul Byron and loses puck.
6:43 of 2nd period - Minor Penalty to Jordan Staal for Boarding.
6:44 of 2nd period - Lucas Wallmark wins face-off versus Johan Larsson in COLORADO GLACIERCATS zone.
7:03 of 2nd period - Shot by Carl Hagelin.
7:03 of 2nd period - Shot Blocked by Erik Johnson.
11:01 of 2nd period - Shot by Jordan Staal.
11:01 of 2nd period - Shot Misses the Net.
11:03 of 2nd period - Shot by Jordan Staal.
11:03 of 2nd period - Stopped by Cory Schneider without a rebound.
11:04 of 2nd period - Justin Abdelkader wins face-off versus Lucas Wallmark in TEXAS TOROS zone.
11:41 of 2nd period - Derek Stepan is hit by Zach Aston-Reese and loses puck.
12:51 of 2nd period - Shot by Nick Schmaltz.
12:51 of 2nd period - Stopped by Pekka Rinne without a rebound.
12:52 of 2nd period - Patrice Bergeron wins face-off versus Riley Nash in COLORADO GLACIERCATS zone.
13:05 of 2nd period - Icing by Patrik Nemeth.
13:06 of 2nd period - Riley Nash wins face-off versus Jordan Staal in TEXAS TOROS zone.
15:37 of 2nd period - Erik Johnson is hit by Zach Aston-Reese and loses puck.
17:30 of 2nd period - Off-side.
17:31 of 2nd period - Artemi Panarin wins face-off versus Johan Larsson in neutral zone.
17:34 of 2nd period - Shot by Artemi Panarin.
17:34 of 2nd period - Shot Misses the Net.
17:52 of 2nd period - Shot by Artemi Panarin.
17:52 of 2nd period - Shot Misses the Net.
18:01 of 2nd period - Icing by Erik Johnson.
18:02 of 2nd period - Nick Schmaltz wins face-off versus Lucas Wallmark in TEXAS TOROS zone.
19:03 of 2nd period - Brock McGinn is hit by Ilya Lyubushkin and loses puck.
19:30 of 2nd period - Patrik Nemeth is hit by Devin Shore and loses puck.
19:45 of 2nd period - Shot by Patrice Bergeron.
19:45 of 2nd period - Shot Misses the Net.
19:47 of 2nd period - Shot by Shea Weber.
19:47 of 2nd period - Stopped by Cory Schneider with a rebound.
Goals for this period are 0 for COLORADO GLACIERCATS vs 0 for TEXAS TOROS.
Shots for this period are 4 for COLORADO GLACIERCATS vs 2 for TEXAS TOROS.

3rd period


0:01 of 3rd period - Patrice Bergeron wins face-off versus Derek Stepan in neutral zone.
0:14 of 3rd period - Shot by Derek Stepan.
0:14 of 3rd period - Shot Blocked by Ryan Ellis.
0:28 of 3rd period - Ben Lovejoy is hit by Brock McGinn and loses puck.
0:41 of 3rd period - Shot by Tyson Barrie.
0:41 of 3rd period - Stopped by Pekka Rinne with a rebound.
1:41 of 3rd period - Shot by Jordan Staal.
1:41 of 3rd period - Stopped by Cory Schneider without a rebound.
1:42 of 3rd period - Alexander Wennberg wins face-off versus Lucas Wallmark in TEXAS TOROS zone.
1:42 of 3rd period - Alexander Wennberg is hit by Zach Aston-Reese.
4:31 of 3rd period - Patrice Bergeron is hit by Braydon Coburn and loses puck.
4:35 of 3rd period - Icing by Alexander Wennberg.
4:36 of 3rd period - Jordan Staal wins face-off versus Alexander Wennberg in TEXAS TOROS zone.
4:50 of 3rd period - Shot by Joe Pavelski.
4:50 of 3rd period - Shot Misses the Net.
4:56 of 3rd period - Ben Lovejoy is hit by Nick Cousins.
5:16 of 3rd period - Joe Pavelski is hit by Nick Cousins and loses puck.
5:44 of 3rd period - Derek Stepan is hit by John Klingberg and loses puck.
7:19 of 3rd period - Shot by Jordan Staal.
7:19 of 3rd period - Stopped by Cory Schneider without a rebound.
7:20 of 3rd period - Riley Nash wins face-off versus Patrice Bergeron in TEXAS TOROS zone.
8:13 of 3rd period - Jordan Staal is hit by Braydon Coburn and loses puck.
8:47 of 3rd period - Off-side.
8:48 of 3rd period - Jay Beagle wins face-off versus Nick Schmaltz in neutral zone.
9:56 of 3rd period - Icing by Erik Johnson.
9:57 of 3rd period - Derek Stepan wins face-off versus Jordan Staal in TEXAS TOROS zone.
10:08 of 3rd period - Icing by Patrik Nemeth.
10:09 of 3rd period - Derek Stepan wins face-off versus Devin Shore in TEXAS TOROS zone.
10:24 of 3rd period - Shot by Derek Stepan.
10:24 of 3rd period - Shot Misses the Net.
10:26 of 3rd period - Shot by Derek Stepan.
10:26 of 3rd period - Stopped by Pekka Rinne with a rebound.
10:28 of 3rd period - Shot by Erik Johnson.
10:28 of 3rd period - Stopped by Pekka Rinne without a rebound.
10:29 of 3rd period - Jordan Staal wins face-off versus Nick Schmaltz in COLORADO GLACIERCATS zone.
10:29 of 3rd period - Jordan Staal is hit by Johan Larsson.
10:40 of 3rd period - Minor Penalty to Johan Larsson for Roughing.
10:40 of 3rd period - Minor Penalty to Paul Byron for Hooking.
10:41 of 3rd period - Artemi Panarin wins face-off versus Derek Stepan in neutral zone.
10:56 of 3rd period - Shot by Artemi Panarin.
10:56 of 3rd period - Stopped by Cory Schneider without a rebound.
10:57 of 3rd period - Jordan Staal wins face-off versus Derek Stepan in TEXAS TOROS zone.
11:08 of 3rd period - Shot by Joe Pavelski.
11:08 of 3rd period - Shot Blocked by Nick Schmaltz.
11:18 of 3rd period - Shot by Nick Schmaltz.
11:18 of 3rd period - Stopped by Pekka Rinne without a rebound.
11:19 of 3rd period - Derek Stepan wins face-off versus Patrice Bergeron in COLORADO GLACIERCATS zone.
11:24 of 3rd period - Shot by Nick Schmaltz.
11:24 of 3rd period - Deflect By Derek Stepan.
11:24 of 3rd period - Stopped by Pekka Rinne with a rebound.
11:26 of 3rd period - Shot by Derek Stepan.
11:26 of 3rd period - Stopped by Pekka Rinne with a rebound.
11:32 of 3rd period - Shot by Derek Stepan.
11:32 of 3rd period - Goal by Derek Stepan - COLORADO GLACIERCATS : 0 - TEXAS TOROS : 1.
11:33 of 3rd period - Jordan Staal wins face-off versus Justin Abdelkader in neutral zone.
11:36 of 3rd period - Shot by Joe Pavelski.
11:36 of 3rd period - Goal by Joe Pavelski - COLORADO GLACIERCATS : 1 - TEXAS TOROS : 1.
11:37 of 3rd period - Jordan Staal wins face-off versus Derek Stepan in neutral zone.
11:44 of 3rd period - Shot by Joe Pavelski.
11:44 of 3rd period - Deflect By Jordan Staal.
11:44 of 3rd period - Shot Blocked by Derek Stepan.
11:46 of 3rd period - Shot by Joe Pavelski.
11:46 of 3rd period - Shot Misses the Net.
11:48 of 3rd period - Shot by Jordan Staal.
11:48 of 3rd period - Stopped by Cory Schneider with a rebound.
11:54 of 3rd period - Shot by Jordan Staal.
11:54 of 3rd period - Shot Blocked by Erik Johnson.
11:56 of 3rd period - Shot by Jordan Staal.
11:56 of 3rd period - Stopped by Cory Schneider without a rebound.
11:57 of 3rd period - Patrice Bergeron wins face-off versus Derek Stepan in TEXAS TOROS zone.
12:16 of 3rd period - Shot by Patrice Bergeron.
12:16 of 3rd period - Stopped by Cory Schneider without a rebound.
12:17 of 3rd period - Jordan Staal wins face-off versus Justin Abdelkader in TEXAS TOROS zone.
12:24 of 3rd period - Shot by Jordan Staal.
12:24 of 3rd period - Shot Misses the Net.
12:26 of 3rd period - Shot by Jordan Staal.
12:26 of 3rd period - Stopped by Cory Schneider without a rebound.
12:27 of 3rd period - Patrice Bergeron wins face-off versus Derek Stepan in TEXAS TOROS zone.
12:57 of 3rd period - Jordan Staal is hit by Patrik Nemeth and loses puck.
13:14 of 3rd period - Shot by Joe Pavelski.
13:14 of 3rd period - Shot Blocked by Patrik Nemeth.
13:25 of 3rd period - Shot by Joe Pavelski.
13:25 of 3rd period - Shot Blocked by Patrik Nemeth.
13:59 of 3rd period - Shot by Tyson Barrie.
13:59 of 3rd period - Shot Misses the Net.
15:14 of 3rd period - Nick Schmaltz is hit by Jay Beagle and loses puck.
15:50 of 3rd period - Icing by Braydon Coburn.
15:51 of 3rd period - Jordan Staal wins face-off versus Riley Nash in TEXAS TOROS zone.
15:56 of 3rd period - Shot by Joe Pavelski.
15:56 of 3rd period - Shot Misses the Net.
16:28 of 3rd period - Shot by Paul Byron.
16:28 of 3rd period - Deflect By Joe Pavelski.
16:28 of 3rd period - Stopped by Cory Schneider without a rebound.
16:29 of 3rd period - Alexander Wennberg wins face-off versus Patrice Bergeron in TEXAS TOROS zone.
16:29 of 3rd period - Alexander Wennberg is hit by Patrice Bergeron.
17:06 of 3rd period - Shot by Patrice Bergeron.
17:06 of 3rd period - Stopped by Cory Schneider without a rebound.
17:07 of 3rd period - Lucas Wallmark wins face-off versus Nick Schmaltz in TEXAS TOROS zone.
17:10 of 3rd period - Shot by Zach Aston-Reese.
17:10 of 3rd period - Shot Blocked by Erik Gustafsson.
18:45 of 3rd period - Shot by Paul Byron.
18:45 of 3rd period - Stopped by Cory Schneider without a rebound.
18:46 of 3rd period - Patrice Bergeron wins face-off versus Alexander Wennberg in TEXAS TOROS zone.
19:08 of 3rd period - Shot by Artemi Panarin.
19:08 of 3rd period - Shot Misses the Net.
19:10 of 3rd period - Shot by Patrice Bergeron.
19:10 of 3rd period - Shot Misses the Net.
19:12 of 3rd period - Shot by Patrice Bergeron.
19:12 of 3rd period - Stopped by Cory Schneider with a rebound.
19:14 of 3rd period - Shot by Patrice Bergeron.
19:14 of 3rd period - Goal by Patrice Bergeron - COLORADO GLACIERCATS : 2 - TEXAS TOROS : 1.
19:15 of 3rd period - Derek Stepan wins face-off versus Patrice Bergeron in neutral zone.
19:21 of 3rd period - TEXAS TOROS, Cory Schneider is pulled from the net.
19:27 of 3rd period - Shot by Derek Stepan.
19:27 of 3rd period - Shot Misses the Net.
Goals for this period are 2 for COLORADO GLACIERCATS vs 1 for TEXAS TOROS.
Shots for this period are 13 for COLORADO GLACIERCATS vs 7 for TEXAS TOROS.


JOHNNY
GAUDREAU
MATTHEW
BOLDY
OWEN
TIPPETT

EAST COAST

HOCKEY LEAGUE

  • 29.PIT6MAN7
  • 30.ATL6NHW2
  • 31.WOR4PET3
  • 32.3RHI4
  • 33.CHIQUE
  • 34.LIMCHA
  • 35.LONTRV
  • 36.BALCHW